 Dungeon Crawl Stone Soup version 0.24-a0-235-g3f03afc (webtiles) character file.

Game seed: 15427786820998055992

101 Gunnerkreig the Sneak (level 4, 0/27 HPs)
             Began as an Octopode Wizard on Apr 8, 2019.
             Slain by an orc
             ... wielding a +0 war axe
              (4 damage)
             ... on level 3 of the Dungeon.
             The game lasted 00:05:38 (2355 turns).

Gunnerkreig the Sneak (Octopode Wizard)             Turns: 2355, Time: 00:05:38

Health: 0/27       AC:  1    Str: 11    XL:     4   Next: 75%
Magic:  4/8        EV: 13    Int: 21    God:
Gold:   127        SH:  0    Dex: 10    Spells: 2/9 levels left

rFire    . . .     SeeInvis .   d - +3 dagger
rCold    . . .     Gourm    .   (no shield)
rNeg     . . .     Faith    .   a - +0 hat
rPois    .         Spirit   .   f - amulet of magic regeneration
rElec    .         Reflect  .   (no ring)
rCorr    .         Harm     .   (no ring)
MR       .....                  (no ring)
Stlth    +++.......             (no ring)
HPRegen  0.09/turn              (no ring)
MPRegen  0.36/turn              (no ring)
                                (no ring)
                                (no ring)

@: mighty
A: almost no armour, stealthy swim, amphibious, 8 rings, constrict 8, camouflage
1, gelatinous body 1
a: no special abilities


You were on level 3 of the Dungeon.
You were not hungry.

You visited 1 branch of the dungeon, and saw 3 of its levels.

You collected 127 gold pieces.

Inventory:

Hand Weapons
 d - a +3 dagger (weapon)
 m - a +0 dagger of protection
 n - a +0 hunting sling
Missiles
 b - 102 stones (quivered)
 l - 13 sling bullets
Armour
 a - a +0 hat (worn)
Jewellery
 f - an amulet of magic regeneration (around mantle)
Scrolls
 h - a scroll of teleportation
Potions
 e - a potion of magic {unknown}
 g - a potion of might
 i - a potion of cancellation {unknown}
 j - 2 potions of degeneration {unknown}
 k - a potion of experience {unknown}
Comestibles
 c - 3 rations
 o - a chunk of flesh


   Skills:
 + Level 0.0 Throwing
 - Level 2.0 Dodging
 + Level 4.4 Stealth
 - Level 3.0 Spellcasting
 * Level 3.6 Conjurations
   Level 1.0 Summonings
   Level 1.0 Translocations


You had 2 spell levels left.
You knew the following spells:

 Your Spells              Type           Power        Failure   Level  Hunger
a - Magic Dart            Conj           ###.         3%          1    None
b - Conjure Flame         Conj/Fire      ##......     19%         3    ###....
c - Mephitic Cloud        Conj/Pois/Air  #.......     24%         3    ###....

Your spell library contained the following spells:

 Spells                   Type           Power        Failure   Level  Hunger
 Blink                    Tloc           N/A          13%         2    ##.....
 Call Imp                 Summ           #.......     13%         2    ##.....
 Slow                     Hex            #.......     21%         2    ##.....


Dungeon Overview and Level Annotations

Branches:
Dungeon (3/15)

Altars:
Makhleb


Innate Abilities, Weirdness & Mutations

You cannot wear most types of armour.
You are very stealthy in the water. (Stealth+)
You are amphibious.
You can wear up to eight rings at the same time.
You can use your tentacles to constrict eight enemies at once.
Your skin changes colour to match your surroundings (Stealth+).
Your rubbery body absorbs attacks. (AC +1, EV +1)


Message History

Your squeeze misses the orc priest.
The orc priest is heavily wounded.
The orc priest calls down the wrath of Beogh upon you.
Beogh smites you! The orc barely misses you.
You hit the orc priest but do no damage.
Your grab misses the orc priest. Your squeeze misses the orc priest.
The orc priest is heavily wounded.
The orc priest hits you with a +0 falchion!
The orc misses you.
Casting: Mephitic Cloud (safe; 24% risk of failure)
Confirm with . or Enter, or press ? or * to list all spells.
Okay, then.
Okay, then.
You feel very mighty all of a sudden.
The orc priest hits you with a +0 falchion.
* * * LOW HITPOINT WARNING * * *
You closely miss the orc priest. Your grab misses the orc priest.
The orc priest is heavily wounded.
The orc hits you with a +0 war axe.
You die...

### ##########.#
...........#
##########.#######
#<......o@#
#.#.#####o#
#.#.....#.#
########.#####.#.#
.........#.....#.#
.........#.....#.#
.........#.#...#.#
...##+##.......#.#
#####.........##,*


You could see an orc priest and an orc.

Vanquished Creatures
  An orc wizard (D:3)
  An adder (D:2)
  A worm (D:2)
  2 dart slugs
  4 leopard geckos
  An orc (D:3)
  5 bats
  4 giant cockroaches
  9 goblins
  3 hobgoblins (D:2)
  4 jackals
  2 kobolds
  2 quokkas
  2 ball pythons (D:3)
  3 frilled lizards
  10 rats
54 creatures vanquished.

Notes
Turn   | Place    | Note
-------+----------+-------------------------------------------
     0 | D:1      | Gunnerkreig the Octopode Wizard began the quest for the
                  | Orb.
     0 | D:1      | Reached XP level 1. HP: 11/11 MP: 4/4
    81 | D:1      | Reached skill level 3 in Stealth
   495 | D:1      | Reached XP level 2. HP: 16/17 MP: 3/6
   983 | D:2      | Reached XP level 3. HP: 21/21 MP: 2/7
  1031 | D:2      | Learned a level 3 spell: Conjure Flame
  1035 | D:2      | Learned a level 3 spell: Mephitic Cloud
  1116 | D:2      | Found a faded altar of an unknown god.
  1191 | D:2      | Found a burning altar of Makhleb.
  1479 | D:2      | Reached skill level 4 in Stealth
  1479 | D:2      | Reached XP level 4. HP: 27/27 MP: 5/8
  2355 | D:3      | Slain by an orc

Levels and vault maps discovered:
D:1:      nicolae_arrival_memento_mori, layout_basic
D:2:      wad_pebble_path, layout_loops_ring, lemuel_crystal_altar,
          chequers_ecumenical_altar_island
D:3:      layout_basic

Skill      XL: |  1  2  3 |
---------------+----------+-----
Stealth        | 3 4 |  4.4
Conjurations   | 2 3 |  3.6
Dodging        | |  2.0
Spellcasting   | |  3.0
Summonings     | |  1.0
Translocations | |  1.0

Action                   |  1- 3 |  4- 6 || total
-------------------------+-------+-------++-------
Melee: Unarmed           |    11 |       ||    11
       Constrict         |    11 |     3 ||    14
       Tentacles         |     4 |     3 ||     7
       Dagger            |    25 |    15 ||    40
 Cast: Magic Dart        |    60 |    26 ||    86
       Conjure Flame     |       |     3 ||     3
       Mephitic Cloud    |       |     3 ||     3
  Use: Scroll            |       |     4 ||     4
       Potion            |       |     2 ||     2
 Stab: Sleeping          |     3 |       ||     3
  Eat: Chunk             |     2 |     3 ||     5
Armor: Skin              |     3 |     2 ||     5
Dodge: Dodged            |    33 |     9 ||    42

Table legend:
 A = Non-vault XP
 B = Vault XP
 C = Vault XP percentage of total XP
 D = Non-vault monster count
 E = Vault monster count
 F = Vault count percentage of total count
                 A         B        C        D         E       F
            +---------+---------+-------+---------+---------+-------
      Total |     145 |       0 |   0.0 |      54 |       0 |   0.0
            +---------+---------+-------+---------+---------+-------
        D:1 |      29 |       0 |   0.0 |      16 |       0 |   0.0
        D:2 |      60 |       0 |   0.0 |      26 |       0 |   0.0
        D:3 |      56 |       0 |   0.0 |      12 |       0 |   0.0
            +---------+---------+-------+---------+---------+-------
